AA
AUBURN VENOM @ NEWARK KNIGHTS
05/10/2060
 
TOP OF THE 1ST
Auburn Venom batting - Pitching for Newark Knights : RHP Sean Kilgore
Pitching: RHP Sean Kilgore
Batting: LHB James Furse 0-0: Ball
1-0: Foul Ball, location: 2F
1-1: DOUBLE (Line Drive, 9LM, EV 112.5 MPH)
Batting: RHB Ebenezer N'Gotho 0-0: Ball
1-0: Ball
2-0: Swinging Strike
2-1: Swinging Strike
2-2: Fly out, F7 (Flyball, 7, EV 95.6 MPH)
Batting: RHB Jaime Herring 0-0: Ball
1-0: Ball
2-0: Called Strike
James Furse is caught stealing 3rd base 2-5
2-1: Foul Ball, location: 2F
2-2: Strikes out swinging
Top of the 1st over - 0 runs, 1 hit, 0 errors, 0 left on base; Auburn 0 - Newark 0
BOTTOM OF THE 1ST
Newark Knights batting - Pitching for Auburn Venom : RHP Cam Moody
Pitching: RHP Cam Moody
Batting: SHB Zak Puckett 0-0: Swinging Strike
0-1: Ball
1-1: Foul Ball, location: 2F
1-2: Foul Ball, location: 2F
1-2: Strikes out swinging
Batting: RHB Benjamin Givler 0-0: Called Strike
0-1: Ball
1-1: Ball
2-1: Foul Ball, location: 2F
2-2: Ball
3-2: Foul Ball, location: 2F
3-2: Base on Balls
Batting: LHB Dev Carlson 0-0: Called Strike
0-1: Foul Ball, location: 2F
0-2: Ball
1-2: Ball
2-2: Grounds into double play, 4-6-3 (Groundball, 4S, EV 78.8 MPH)
Bottom of the 1st over - 0 runs, 0 hits, 0 errors, 0 left on base; Auburn 0 - Newark 0
TOP OF THE 2ND
Auburn Venom batting - Pitching for Newark Knights : RHP Sean Kilgore
Batting: RHB Martin Robbins 0-0: Ball
1-0: Fly out, F7 (Flyball, 7LS, EV 91.9 MPH)
Batting: RHB J.C. Creamer 0-0: Called Strike
0-1: Swinging Strike
0-2: SINGLE (Flyball, 6D, EV 97.5 MPH)
Batting: SHB Seth Estee 0-0: Ball
1-0: Ball
2-0: Swinging Strike
2-1: Swinging Strike
2-2: Foul Ball, location: 2F
2-2: Foul Ball, location: 2F
2-2: Strikes out swinging
Batting: LHB Da-Jon Akii-Bua 0-0: Fly out, F5 (Line Drive, 5L, EV 71.9 MPH)
Top of the 2nd over - 0 runs, 1 hit, 0 errors, 1 left on base; Auburn 0 - Newark 0
BOTTOM OF THE 2ND
Newark Knights batting - Pitching for Auburn Venom : RHP Cam Moody
Batting: RHB Danrad Orozco 0-0: Ball
1-0: Foul Ball, location: 2F
1-1: Ball
2-1: Foul Ball, location: 2F
2-2: SINGLE (Line Drive, 7S, EV 95.0 MPH)
Batting: RHB Garret Perales 0-0: Fly out, F4 (Popup, 4MD, EV 55.6 MPH)
Batting: RHB Fulton Mhina 0-0: Foul Ball, location: 2F
0-1: Swinging Strike
0-2: Ball
Wild Pitch!
Danrad Orozco to second
1-2: Strikes out swinging
Batting: LHB Kyle Majka 0-0: Foul Ball, location: 2F
0-1: Called Strike
0-2: Ground out 6-3 (Groundball, 6, EV 86.2 MPH)
Bottom of the 2nd over - 0 runs, 1 hit, 0 errors, 1 left on base; Auburn 0 - Newark 0
TOP OF THE 3RD
Auburn Venom batting - Pitching for Newark Knights : RHP Sean Kilgore
Batting: RHB Zachary Nelson 0-0: Foul Ball, location: 2F
0-1: Ground out 3-1 (Groundball, 34, EV 103.8 MPH)
Batting: RHB Dario Dokter 0-0: Ball
1-0: Ball
2-0: Foul Ball, location: 2F
2-1: Foul Ball, location: 2F
2-2: SINGLE (Groundball, 4MD, EV 103.1 MPH)
Batting: LHB James Furse 0-0: Ball
Dario Dokter steals 2nd base
1-0: Fly out, F9 (Flyball, 9D, EV 92.5 MPH)
Runner from 2nd tags up, SAFE at 3rd, no throw by RF
Batting: RHB Ebenezer N'Gotho 0-0: Ground out 3-1 (Groundball, 34, EV 83.1 MPH)
Top of the 3rd over - 0 runs, 1 hit, 0 errors, 1 left on base; Auburn 0 - Newark 0
BOTTOM OF THE 3RD
Newark Knights batting - Pitching for Auburn Venom : RHP Cam Moody
Batting: RHB Kaleb Holle 0-0: Foul Ball, location: 2F
0-1: Foul Ball, location: 2F
0-2: Strikes out swinging
Batting: SHB Stefan Traylor 0-0: Called Strike
0-1: Fly out, F9 (Flyball, 9, EV 82.5 MPH)
Batting: SHB Zak Puckett 0-0: Called Strike
0-1: Swinging Strike
0-2: Fly out, F8 (Flyball, 78D, EV 89.4 MPH)
Bottom of the 3rd over - 0 runs, 0 hits, 0 errors, 0 left on base; Auburn 0 - Newark 0
TOP OF THE 4TH
Auburn Venom batting - Pitching for Newark Knights : RHP Sean Kilgore
Batting: RHB Jaime Herring 0-0: Ground out U3 (Groundball, 34, EV 101.9 MPH)
Batting: RHB Martin Robbins 0-0: Called Strike
0-1: Fly out, F9 (Line Drive, 89S, EV 93.8 MPH)
Batting: RHB J.C. Creamer 0-0: Ball
1-0: Foul Ball, location: 2F
1-1: Ball
2-1: Called Strike
2-2: Strikes out swinging
Top of the 4th over - 0 runs, 0 hits, 0 errors, 0 left on base; Auburn 0 - Newark 0
BOTTOM OF THE 4TH
Newark Knights batting - Pitching for Auburn Venom : RHP Cam Moody
Batting: RHB Benjamin Givler 0-0: Called Strike
0-1: Foul Ball, location: 2F
0-2: Ball
1-2: Foul Ball, location: 2F
1-2: Fly out, F9 (Line Drive, 9D, EV 85.0 MPH)
Batting: LHB Dev Carlson 0-0: Called Strike
0-1: Called Strike
0-2: Ball
1-2: Ball
2-2: SINGLE (Groundball, 4MD, EV 102.5 MPH)
Batting: RHB Danrad Orozco 0-0: Called Strike
0-1: Ball
1-1: Fly out, F8 (Flyball, 78S, EV 86.2 MPH)
Batting: RHB Garret Perales 0-0: Ball
1-0: Ball
2-0: Swinging Strike
2-1: Ball
3-1: Foul Ball, location: 2F
3-2: Ground out 6-3 (Groundball, 56, EV 86.9 MPH)
Bottom of the 4th over - 0 runs, 1 hit, 0 errors, 1 left on base; Auburn 0 - Newark 0
TOP OF THE 5TH
Auburn Venom batting - Pitching for Newark Knights : RHP Sean Kilgore
Batting: SHB Seth Estee 0-0: Ball
1-0: SOLO HOME RUN (Line Drive, 89XD, EV 108.1 MPH), Distance : 397 ft
Batting: LHB Da-Jon Akii-Bua 0-0: Ball
1-0: Ball
2-0: Called Strike
2-1: Fly out, F9 (Flyball, 9LM, EV 80.6 MPH)
Batting: RHB Zachary Nelson 0-0: Ball
1-0: Foul Ball, location: 2F
1-1: Called Strike
1-2: Strikes out swinging
Batting: RHB Dario Dokter 0-0: Swinging Strike
0-1: Swinging Strike
0-2: Ball
1-2: Foul Ball, location: 2F
1-2: Fly out, F8 (Line Drive, 8LD, EV 94.4 MPH)
Top of the 5th over - 1 run, 1 hit, 0 errors, 0 left on base; Auburn 1 - Newark 0
BOTTOM OF THE 5TH
Newark Knights batting - Pitching for Auburn Venom : RHP Cam Moody
Batting: RHB Fulton Mhina 0-0: Swinging Strike
0-1: Fly out, F9 (Line Drive, 9, EV 95.6 MPH)
Batting: LHB Kyle Majka 0-0: Ball
1-0: Ball
2-0: Ball
3-0: Called Strike
3-1: Foul Ball, location: 2F
3-2: Foul Ball, location: 2F
3-2: Fly out, F5 (Popup, 5F, EV 73.8 MPH)
Batting: RHB Kaleb Holle 0-0: Ball
1-0: Foul Ball, location: 2F
1-1: Ball
2-1: Foul Ball, location: 2F
2-2: Ground out 5-3 (Groundball, 5, EV 95.0 MPH)
Bottom of the 5th over - 0 runs, 0 hits, 0 errors, 0 left on base; Auburn 1 - Newark 0
TOP OF THE 6TH
Auburn Venom batting - Pitching for Newark Knights : RHP Sean Kilgore
Batting: LHB James Furse 0-0: Ball
1-0: Ball
2-0: Ground out 4-3 (Groundball, 34, EV 95.6 MPH)
Batting: RHB Ebenezer N'Gotho 0-0: Swinging Strike
0-1: Swinging Strike
0-2: Strikes out swinging
Batting: RHB Jaime Herring 0-0: SINGLE (Groundball, 15S, EV 68.1 MPH) (infield hit)
Batting: RHB Martin Robbins 0-0: Foul Ball, location: 2F
0-1: SINGLE (Line Drive, 78S, EV 113.1 MPH)
Jaime Herring to second
Batting: RHB J.C. Creamer 0-0: Called Strike
0-1: Ball
1-1: Swinging Strike
1-2: Strikes out looking
Top of the 6th over - 0 runs, 2 hits, 0 errors, 2 left on base; Auburn 1 - Newark 0
BOTTOM OF THE 6TH
Newark Knights batting - Pitching for Auburn Venom : RHP Cam Moody
Batting: SHB Stefan Traylor 0-0: Fly out, F8 (Line Drive, 8LM, EV 89.4 MPH)
Batting: SHB Zak Puckett 0-0: Ball
1-0: Fly out, F8 (Line Drive, 8LD, EV 90.0 MPH)
Batting: RHB Benjamin Givler 0-0: Foul Ball, location: 2F
0-1: DOUBLE (Line Drive, 7LD, EV 108.8 MPH)
Batting: LHB Dev Carlson 0-0: DOUBLE (Flyball, 78D, EV 106.9 MPH)
Benjamin Givler scores
Batting: RHB Danrad Orozco 0-0: Foul Ball, location: 2F
0-1: Ball
1-1: Swinging Strike
1-2: Ball
2-2: Strikes out swinging
Bottom of the 6th over - 1 run, 2 hits, 0 errors, 1 left on base; Auburn 1 - Newark 1
TOP OF THE 7TH
Auburn Venom batting - Pitching for Newark Knights : RHP Sean Kilgore
Batting: SHB Seth Estee 0-0: Foul Ball, location: 2F
0-1: Ball
1-1: Swinging Strike
1-2: Foul Ball, location: 2F
1-2: Ground out 6-3 (Groundball, 6, EV 103.1 MPH)
Batting: LHB Da-Jon Akii-Bua 0-0: Ball
1-0: SINGLE (Line Drive, 78S, EV 104.4 MPH)
Batting: RHB Zachary Nelson 0-0: Fly out, F9 (Flyball, 9LS, EV 96.9 MPH)
Batting: RHB Dario Dokter 0-0: Foul Ball, location: 2F
0-1: Ball
Da-Jon Akii-Bua steals 2nd base
1-1: Fly out, F7 (Flyball, 78XD, EV 108.1 MPH)
Top of the 7th over - 0 runs, 1 hit, 0 errors, 1 left on base; Auburn 1 - Newark 1
BOTTOM OF THE 7TH
Newark Knights batting - Pitching for Auburn Venom : RHP Cam Moody
Batting: RHB Garret Perales 0-0: Called Strike
0-1: Ball
1-1: SINGLE (Groundball, 4MD, EV 79.4 MPH) (infield hit)
Batting: RHB Fulton Mhina 0-0: Called Strike
0-1: Swinging Strike
0-2: Foul Ball, location: 2F
0-2: Foul Ball, location: 2F
0-2: Ground out 4-3 (Groundball, 34, EV 108.8 MPH)
Garret Perales to second
Batting: LHB Kyle Majka 0-0: Intentional Walk
Pitching: RHP Phillip Harrison
Batting: RHB Kaleb Holle 0-0: DOUBLE (Flyball, 8RXD, EV 95.6 MPH)
Garret Perales scores
Kyle Majka to third
Runner from 3rd tries for Home, SAFE, throw by CF to home
Batting: SHB Stefan Traylor 0-0: Swinging Strike
0-1: Fly out, F8 (Flyball, 8RD, EV 98.1 MPH)
Batting: SHB Zak Puckett 0-0: Ball
1-0: Ball
2-0: Ball
3-0: Called Strike
3-1: Foul Ball, location: 2F
3-2: Base on Balls
Batting: RHB Benjamin Givler 0-0: Foul Ball, location: 2F
0-1: Fielders Choice at 2nd, 5-4 (Groundball, 5, EV 107.5 MPH)
Bottom of the 7th over - 2 runs, 2 hits, 0 errors, 2 left on base; Auburn 1 - Newark 3
TOP OF THE 8TH
Auburn Venom batting - Pitching for Newark Knights : RHP Sean Kilgore
Batting: LHB James Furse 0-0: SINGLE (Line Drive, 3D, EV 98.8 MPH)
Batting: RHB Ebenezer N'Gotho 0-0: Called Strike
0-1: Swinging Strike
0-2: Ball
1-2: Ball
2-2: Ball
3-2: Grounds into double play, 6-4-3 (Groundball, 6, EV 89.4 MPH)
Batting: RHB Jaime Herring 0-0: Ball
1-0: Called Strike
1-1: Called Strike
1-2: Ground out 6-3 (Groundball, 56, EV 105.6 MPH)
Top of the 8th over - 0 runs, 1 hit, 0 errors, 0 left on base; Auburn 1 - Newark 3
BOTTOM OF THE 8TH
Newark Knights batting - Pitching for Auburn Venom : RHP Phillip Harrison
Batting: LHB Dev Carlson 0-0: Ball
1-0: Ball
2-0: Fly out, F9 (Flyball, 9S, EV 93.8 MPH)
Batting: RHB Danrad Orozco 0-0: Called Strike
0-1: Reached on error, E5 (Groundball, 56S, EV 91.2 MPH)
Batting: RHB Garret Perales 0-0: Called Strike
0-1: Foul Ball, location: 2F
0-2: Strikes out swinging
Batting: RHB Fulton Mhina 0-0: Ball
1-0: Swinging Strike
1-1: Ball
2-1: Called Strike
2-2: Strikes out looking
Bottom of the 8th over - 0 runs, 0 hits, 1 error, 1 left on base; Auburn 1 - Newark 3
TOP OF THE 9TH
Auburn Venom batting - Pitching for Newark Knights : RHP Sean Kilgore
Pitching: RHP Liam Gambrell
Batting: RHB Martin Robbins 0-0: Called Strike
0-1: Foul Ball, location: 2F
0-2: Strikes out swinging, 2-3 out at first.
Batting: RHB J.C. Creamer 0-0: Called Strike
0-1: Called Strike
0-2: Ball
1-2: Strikes out looking
Batting: SHB Seth Estee 0-0: Ball
1-0: Called Strike
1-1: Called Strike
1-2: Ball
2-2: DOUBLE (Line Drive, 7LS, EV 101.9 MPH)
Batting: LHB Da-Jon Akii-Bua 0-0: Called Strike
0-1: Ball
1-1: Ball
2-1: Ground out 4-3 (Groundball, 4, EV 80.6 MPH)
Top of the 9th over - 0 runs, 1 hit, 0 errors, 1 left on base; Auburn 1 - Newark 3
Monday, April 29th , 2024 - OOTP Baseball 23.10 Build 110